 Dungeon Crawl Stone Soup version 0.29.1-1-gd02db6906a (webtiles) character file.

Game seed: 11371986269324140912

3341 xian the Summoner (level 9, -11/62 HPs)
             Began as a Demonspawn Summoner on Sept 28, 2022.
             Was an Initiate of Gozag.
             Shot with a sling bullet by Joseph (21 damage)
             ... on level 8 of the Dungeon.
             The game lasted 00:27:14 (8297 turns).

xian the Summoner (Demonspawn Summoner)             Turns: 8297, Time: 00:27:14

Health: -11/62     AC:  6    Str: 12    XL:     9   Next: 72%
Magic:  4/19       EV: 13    Int: 18    God:    Gozag
Gold:   449        SH:  0    Dex: 21    Spells: 12/21 levels left

rFire   . . .      SeeInvis +   r - +5 trident "Woof" {protect, rElec Str-4 Dex+6}
rCold   . . .      Faith    .   (no shield)
rNeg    . . .      Spirit   .   M - +0 leather armour
rPois   .          Reflect  .   (no helmet)
rElec   +          Harm     .   (no cloak)
rCorr   .          Rampage  .   (no gloves)
Will    .....                   L - +0 pair of boots
Stlth   +++.......              F - amulet of the acrobat
HPRegen 0.20/turn               x - +6 ring of strength
MPRegen 0.16/turn               N - ring of see invisible

@: studying 2 skills
A: hooves 2, icy blue scales 1, spiny 1
a: Renounce Religion, Potion Petition, Call Merchant, Bribe Branch


You were on level 8 of the Dungeon.
You worshipped Gozag.
Gozag was aware of your devotion.
You visited 1 branch of the dungeon, and saw 8 of its levels.
You also visited: Ossuary.

You collected 548 gold pieces.
You spent 4 gold pieces at shops.
You paid 95 gold pieces to Gozag.

Inventory:

Hand Weapons
 f - a +0 dagger
 r - the +5 trident "Woof" (weapon) {protect, rElec Str-4 Dex+6}
   (You found it on level 3 of the Dungeon)

   It grants its wielder temporary protection when it strikes (+7 to AC).
   Str:       It affects your strength (-4).
   Dex:       It affects your dexterity (+6).
   rElec:     It insulates you from electricity.
Missiles
 d - 3 boomerangs
 l - 11 poisoned darts
 s - 7 stones (quivered)
 I - 2 throwing nets
Armour
 L - a +0 pair of boots (worn)
 M - a +0 leather armour (worn)
Magical Staves
 q - a staff of death
Jewellery
 x - a +6 ring of strength (left hand)
 F - an amulet of the acrobat (around neck)
 N - a ring of see invisible (right hand)
Wands
 v - a wand of flame (26)
 w - a wand of light (25)
 A - a wand of paralysis (7)
 G - a wand of polymorph (12)
Scrolls
 a - a scroll of immolation
 g - 2 scrolls of poison {unknown}
 i - 2 scrolls of enchant weapon
 j - 2 scrolls of vulnerability
 k - 2 scrolls of blinking
 n - 3 scrolls of teleportation
 o - a scroll of silence
 p - 2 scrolls of fear
 t - a scroll of enchant armour
 u - 2 scrolls of amnesia
 y - 2 scrolls of butterflies
 C - a scroll of magic mapping
Potions
 b - 3 potions of magic
 c - 3 potions of might
 e - a potion of curing
 h - 3 potions of brilliance {unknown}
 m - 2 potions of flight {unknown}
 z - a potion of haste {unknown}
 B - 3 potions of lignification {unknown}
 D - 2 potions of berserk rage {unknown}
 E - 2 potions of attraction {unknown}
 H - a potion of degeneration {unknown}
 J - a potion of mutation {unknown}
 K - a potion of cancellation {unknown}


   Skills:
 + Level 2.3 Fighting
 + Level 0.7 Short Blades
 + Level 3.0 Polearms
 * Level 8.2 Throwing
 + Level 1.0 Armour
 + Level 3.5 Dodging
 + Level 3.5 Stealth
 + Level 6.9 Spellcasting
 + Level 0.9 Hexes
 + Level 8.2 Summonings


You had 12 spell levels left.
You knew the following spells:

 Your Spells              Type           Power      Damage    Failure   Level
a - Summon Small Mammal   Summ           100%       N/A       1%          1
b - Call Imp              Summ           36%        N/A       1%          2
c - Call Canine Familiar  Summ           36%        N/A       1%          3
d - Summon Guardian Gole  Hex/Summ       22%        N/A       6%          3

Your spell library contained the following spells:

 Spells                   Type           Power      Damage    Failure   Level
 Foxfire                  Conj/Fire      24%        2x1d5     14%         1
 Blink                    Tloc           12%        N/A       22%         2
 Static Discharge         Conj/Air       6%         3-4/arc   22%         2
 Summon Lightning Spire   Summ/Air       21%        N/A       26%         4
 Tukima's Dance           Hex            9%         N/A       28%         3
 Inner Flame              Hex/Fire       7%         N/A       34%         3
 Portal Projectile        Hex/Tloc       14%        N/A       34%         3
 Conjure Flame            Conj/Fire      6%         6-21      38%         3
 Dispel Undead            Necr           6%         3d8       80%         4
 Flame Wave               Conj/Fire      6%         2d5       80%         4
 Sticky Flame             Conj/Fire      6%         2d3       80%         4
 Blade Hands              Tmut           3%         N/A       98%         5
 Manifold Assault         Tloc           6%         N/A       98%         5
 Storm Form               Tmut/Air       3%         N/A       100%        7


Dungeon Overview and Level Annotations

Branches:
Dungeon (8/15)             Temple (0/1) D:6         Ossuary (visited)
   Lair: D:8-11

Altars:
Dithmenos
Gozag
Hepliaklqana
Makhleb
Nemelex Xobeh
Okawaru
Qazlal
Sif Muna
Trog
Wu Jian
Xom
Yredelemnul

Shops:
D:3 (   D:4 =

Annotations:
D:8 Joseph, Maggie


Innate Abilities, Weirdness & Mutations

You have hoof-like feet.
You are partially covered in icy blue scales. (AC +2)
You are partially covered in sharp spines.


Message History

Your guardian golem is severely damaged.
Your guardian golem disappears in a puff of smoke!
Joseph shoots a sling bullet.
The sling bullet hits you!
* * * LOW HITPOINT WARNING * * *
Your hound barely misses Maggie.
Your quokka closely misses Maggie.
Unknown command.
Throw: 7 stones
Press: ? - help, Q - select action, (/) - cycle Shift-Dir - straight line
Okay, then.
Casting: Summon Small Mammal (safe; 1% risk of failure)
Confirm with . or Enter, or press ? or * to list all spells.
You don't know that spell.
Your hound closely misses Maggie.
Maggie hits your hound with a +1 antimagic long sword!
Your hound dies!
Your hound's corpse disappears in a puff of smoke!
Your rat closely misses Maggie.
Your quokka bites Maggie but does no damage.
You see here 17 gold pieces.
You now have 449 gold pieces (gained 17).
Maggie casts a spell.
Maggie attempts to bespell you! You resist with almost no effort.
Your rat barely misses Maggie.
Joseph shoots a sling bullet.
The sling bullet misses you.
Your quokka bites Maggie.
You feel better.
Maggie hits your quokka with a +1 antimagic long sword.
Your quokka bites Maggie.
Your rat closely misses Maggie.
Joseph shoots a sling bullet.
The sling bullet closely misses you.
Casting: Summon Small Mammal (safe; 1% risk of failure)
Confirm with . or Enter, or press ? or * to list all spells.
A guardian golem appears, shielding your allies.
Your quokka bites Maggie but does no damage.
Maggie gestures at your quokka while chanting.
The bolt of fire misses your quokka.
The bolt of fire hits your guardian golem.
Your guardian golem resists.
Your rat completely misses Maggie.
Joseph shoots a sling bullet.
The sling bullet hits you!!
You die...
Your body crumbles into a pile of gold.

#####
##.@.##
##.9...##
#.......#
#.rr....#
#..@<...#
##..@..##
#.......#
#.......#
#.......#


You could see Joseph, Maggie (distracted, ally target), a friendly guardian
golem (summoned), a friendly quokka (summoned, sheltered) and a friendly rat
(summoned, sheltered).

Vanquished Creatures
  A two-headed ogre (D:7)
  The ghost of RogueRain17 the Conjurer, an amateur DgCj (D:4)
  A wraith (Ossuary)
  A sky beast (D:6)
  A black bear (D:7)
  An ogre (D:5)
  A phantom (D:5)
  2 bullfrogs (D:7)
  A necrophage (D:7)
  5 wights
  A nameless horror (D:4)
  A howler monkey (D:4)
  2 hounds
  An orc priest (D:6)
  A jelly (D:6)
  An orc wizard (D:5)
  2 gnolls
  9 adders
  2 white imps
  7 orcs
  4 ball pythons
  6 bats
  An endoplasm (D:2)
  A giant cockroach (D:1)
  4 goblins
  6 hobgoblins
  3 jackals (D:1)
  9 kobolds
  4 quokkas
  A frilled lizard (D:3)
  A hobgoblin zombie (Ossuary)
  A kobold zombie (Ossuary)
  2 rats
85 creatures vanquished.

Vanquished Creatures (collateral kills)
  A wraith (Ossuary)
  2 water moccasins
  An ice beast (D:7)
  An ogre (D:5)
  A kobold brigand (D:7)
  A necrophage (D:5)
  2 scorpions
  4 wights
  2 hounds
  2 gnoll boudas
  An orc wizard (D:6)
  7 gnolls
  4 adders
  A shadow imp (D:6)
  A dart slug (D:3)
  An orc (D:5)
  2 endoplasms (D:1)
  2 goblins
  3 hobgoblins
  A jackal (D:1)
  A quokka (D:4)
  3 ball pythons (D:1)
  A ball python skeleton (Ossuary)
  3 bats
  3 frilled lizards
  A hobgoblin zombie (Ossuary)
  5 kobolds
  2 kobold zombies (Ossuary)
  An orc skeleton (Ossuary)
  2 rats
62 creatures vanquished.

Vanquished Creatures (others)
  An orc wizard (D:6)
  3 gnolls (D:6)
  A kobold (D:7)
  3 plants (D:4)
8 creatures vanquished.

Grand Total: 155 creatures vanquished

Notes
Turn   | Place    | Note
-------+----------+-------------------------------------------
     0 | D:1      | xian the Demonspawn Summoner began the quest for the Orb.
     0 | D:1      | Reached XP level 1. HP: 13/13 MP: 3/3
   608 | D:1      | Gained mutation: You are partially covered in sharp spines.
                  | [demonic ancestry]
   608 | D:1      | Reached XP level 2. HP: 19/19 MP: 5/5
  1001 | D:1      | Learned a level 2 spell: Call Imp
  1180 | D:1      | Reached XP level 3. HP: 24/24 MP: 3/6
  1982 | D:2      | Found a burning altar of Makhleb.
  2121 | D:2      | You fall into a shaft and drop 2 floors!
  2122 | D:4      | Found Giroir's Jewellery Shop.
  2141 | D:3      | Reached XP level 4. HP: 29/30 MP: 2/7
  2156 | D:3      | Learned a level 3 spell: Call Canine Familiar
  2403 | D:3      | Identified the +5 trident "Woof" {protect, rElec Str-4
                  | Dex+6}
  2432 | D:3      | Found Ulexkiha's Weapon Emporium.
  2501 | D:3      | Bought 3 stones for 3 gold pieces
  2501 | D:3      | Bought a stone for 1 gold piece
  2895 | D:4      | Reached skill level 5 in Summonings
  2949 | D:4      | Gained mutation: You are partially covered in icy blue
                  | scales. (AC +2) [demonic ancestry]
  2949 | D:4      | Reached XP level 5. HP: 34/35 MP: 4/9
  2963 | D:4      | Reached skill level 1 in Throwing
  3172 | D:4      | Reached XP level 6. HP: 42/42 MP: 3/11
  3390 | D:4      | Found a transporter.
  3391 | D:4      | Found a transporter.
  3429 | D:4      | Noticed RogueRain17's ghost (amateur DgCj)
  3459 | D:4      | Killed RogueRain17's ghost
  3512 | D:4      | Gained mutation: You have large cloven feet. [demonic
                  | ancestry]
  3512 | D:4      | Reached XP level 7. HP: 12/47 MP: 5/12
  4072 | D:5      | Entered Level 5 of the Dungeon
  4090 | D:5      | Learned a level 3 spell: Summon Guardian Golem
  4119 | D:5      | Reached skill level 1 in Polearms
  4162 | D:5      | Identified the +1 whip of Dull Optimality {drain, Fragile
                  | Dex+6}
  4195 | D:5      | Found a sand-covered staircase.
  4200 | Ossuary  | Entered an ossuary
  4279 | Ossuary  | Reached skill level 1 in Fighting
  4607 | Ossuary  | Noticed a wraith
  4607 | Ossuary  | Noticed a flying skull
  4616 | Ossuary  | Noticed a flying skull
  4618 | Ossuary  | Noticed a flying skull
  4646 | Ossuary  | Noticed a flying skull
  4659 | Ossuary  | Noticed a wraith
  4682 | Ossuary  | Killed a wraith
  4802 | Ossuary  | Noticed a flying skull
  4919 | Ossuary  | Noticed a wraith
  4931 | Ossuary  | Killed a wraith
  4932 | Ossuary  | Reached skill level 5 in Throwing
  4932 | Ossuary  | Reached XP level 8. HP: 27/54 MP: 9/15
  5384 | D:5      | Reached skill level 5 in Spellcasting
  6226 | D:6      | Found a shimmering blue altar of Sif Muna.
  6343 | D:6      | Found a shimmering altar of Xom.
  6346 | D:6      | Found an opulent altar of Gozag.
  6346 | D:6      | Found a bloodstained altar of Trog.
  6363 | D:6      | Gained mutation: You have hoof-like feet. [demonic
                  | ancestry]
  6363 | D:6      | Reached XP level 9. HP: 55/61 MP: 14/17
  6375 | D:6      | Found a hazy altar of Hepliaklqana.
  6523 | D:6      | Became a worshipper of Gozag Ym Sagoz the Greedy
  6756 | D:6      | Found a basalt altar of Yredelemnul.
  6758 | D:6      | Noticed a profane servitor
  6779 | D:6      | Noticed an angel
  6891 | D:6      | Found a staircase to the Ecumenical Temple.
  7039 | D:7      | Found a shadowy altar of Dithmenos.
  7183 | D:7      | Found a stormy altar of Qazlal.
  7376 | D:7      | Found an iron altar of Okawaru.
  7403 | D:7      | Found an ornate altar of the Wu Jian Council.
  7484 | D:7      | Noticed a two-headed ogre
  7509 | D:7      | Killed a two-headed ogre
  7907 | D:7      | Reached skill level 1 in Armour
  8188 | D:7      | Found a sparkling altar of Nemelex Xobeh.
  8280 | D:8      | Noticed Joseph
  8280 | D:8      | Noticed Maggie
  8293 | D:8      | HP: 2/62 [Joseph/sling bullet (11)]
  8297 | D:8      | Shot with a sling bullet by Joseph

Illustrated notes

Levels and vault maps discovered:
D:1:      lightli_arrival_flooded_house, layout_basic, minmay_octomino_e4
D:2:      kennysheep_six_static_rooms, layout_loops_corners,
          hellmonk_ecumenical_altar_run_dry, basic_altar
D:3:      layout_basic, serial_shops, nicolae_shop_bloodbath_and_beyond,
          minmay_box_of_dots
D:4:      layout_basic, serial_shops, shop_statue,
          gammafunk_ghost_gnarly_gnolls, nrook_mini_backslash
D:5:      layout_rooms, enter_ossuary_5
D:6:      layout_loops_ring, grunt_temple_overflow_holy_war,
          grunt_temple_overflow_open, lemuel_crystal_altar,
          minmay_temple_entry_offerings
D:7:      layout_basic, nicolae_qazlal_general_emergency,
          nicolae_dithmenos_shadow_blocks, nemelex_diamond_rough_becter,
          mainiacjoe_overflow_catwalk_spiral
D:8:      layout_rooms, uniq_erica, uniq_joseph, uniq_maggie

Skill      XL: |  1  2  3  4  5  6  7  8  9 |
---------------+----------------------------+-----
Dodging        | 2 3 |  3.5
Stealth        | 2 3 |  3.5
Summonings     | 5 6 7 8 |  8.2
Spellcasting   | 3 4 5 6 |  6.9
Throwing       | 2 3 5 6 8 |  8.2
Polearms       | 1 2 3 |  3.0
Fighting       | 1 2 |  2.3
Armour         | 1 |  1.0
Short Blades   | |  0.7
Hexes          | |  0.9

Action                   |  1- 3 |  4- 6 |  7- 9 || total
-------------------------+-------+-------+-------++-------
Melee: Unarmed           |    14 |       |       ||    14
       Dagger            |    34 |     5 |       ||    39
       Trident           |       |    37 |    95 ||   132
       Punch             |       |     1 |     1 ||     2
       Kick              |       |       |    30 ||    30
Throw: Stone             |       |    11 |    60 ||    71
       Dart              |       |     1 |       ||     1
 Cast: Summon Small Mamm |    38 |    12 |    11 ||    61
       Call Imp          |     4 |     5 |    18 ||    27
       Call Canine Famil |       |    12 |    31 ||    43
       Summon Guardian G |       |       |     9 ||     9
  Use: Potion            |     1 |       |     2 ||     3
       Scroll            |       |       |    13 ||    13
 Stab: Sleeping          |     1 |       |     4 ||     5
       Distracted        |       |     1 |     4 ||     5
Armor: Robe              |    16 |    19 |    10 ||    45
       Leather armour    |       |       |    13 ||    13
Dodge: Dodged            |    51 |    26 |    84 ||   161
